AoeStats
← Pferd 9

Hideout

503457702Analyzed
4v4 RM · 1mo ago on Aug 31, 2026· 27m 55s· 8 players
Game mode
Random Map
Map size
Large (8 player)
Population
200
Speed
Normal
Resources
Standard
Victory
Conquest
Starting age
Dark Age
Ending age
Imperial Age
RankedLock teamsTeams togetherTeam positionsShared explorationLock speedFull tech treeHidden civsTurbo modeCheats
Victory
Defeat
🇩🇪 Magyars · Germany
1358
+13
🇩🇪 Ethiopians · Germany
1342
+14
🇩🇪 Bengalis · Germany
1291
+16
🇩🇪 Franks · Germany
964
+83
🇲🇽 Malay · Mexico
1333
-20
🇳🇴 Ethiopians · Norway
1300
-19
🇺🇸 Poles · United States
1284
-18
🇲🇽 Britons · Mexico
1235
-16
Thehoff386
10:10 Loom
11:56 Feudal Age
13:43 Double-Bit Axe
13:41 Horse Collar
16:14 Forging
16:11 Scale Barding Armor
17:57 Bloodlines
21:52 Castle Age
25:36 Bow Saw
27:22 Heavy Plow
Imperial Skirmisher
9:25 Feudal Age
9:00 Double-Bit Axe
8:56 Horse Collar
16:52 Castle Age
15:53 Scale Barding Armor
17:17 Bow Saw
17:43 Loom
19:47 Husbandry
25:16 Devotion
27:14 Wheelbarrow
26:24 Town Watch
26:34 Light Cavalry
Dontrushme
8:09 Loom
10:19 Feudal Age
11:12 Double-Bit Axe
11:51 Gold Mining
12:29 Horse Collar
17:03 Fletching
17:26 Loom
18:35 Town Watch
22:07 Castle Age
22:15 Crossbowman
23:01 Thumb Ring
24:35 Wheelbarrow
Megatron2002
0:31 Loom
11:37 Feudal Age
20:06 Castle Age
18:12 Double-Bit Axe
18:31 Horse Collar
19:11 Gold Mining
21:00 Wheelbarrow
21:47 Fletching
22:02 Padded Archer Armor
22:16 Town Watch
23:17 Bodkin Arrow
23:41 Heavy Plow
26:19 Bow Saw
TimmyKackler.AoE
9:53 Feudal Age
10:41 Double-Bit Axe
10:38 Horse Collar
12:59 Fletching
15:39 Man-at-Arms
22:35 Castle Age
22:04 Padded Archer Armor
23:50 Wheelbarrow
22:37 Crossbowman
23:23 Thumb Ring
23:33 Bodkin Arrow
24:54 Bow Saw
26:08 Leather Archer Armor
JimmyButler_AoE
7:32 Loom
10:09 Feudal Age
13:50 Castle Age
12:00 Double-Bit Axe
28:04 Town Watch
28:55 Wheelbarrow
jott_be_aus_e
5:02 Loom
11:43 Feudal Age
14:38 Town Watch
17:42 Castle Age
15:48 Double-Bit Axe
22:25 Bow Saw
23:47 Wheelbarrow
23:37 Husbandry
23:46 Scale Barding Armor
25:12 Forging
27:14 Chain Barding Armor
Pferd 9
9:39 Feudal Age
20:43 Castle Age
18:51 Scale Barding Armor
18:44 Horse Collar
19:41 Double-Bit Axe
22:39 Wheelbarrow
22:26 Bloodlines
22:31 Husbandry
26:16 Chain Barding Armor
Connection lost

Rejoining the realm…

Still unreachable

The connection could not be restored.

Session expired

The server has moved on; the page needs a fresh start.